 Dungeon Crawl Stone Soup version 0.26.0-9-gab577f9fc5 (webtiles) character file.

Game seed: 1346023461858073277

10362 Delamore the Basher (level 11, 0/69 HPs)
             Began as a Gargoyle Fighter on Jan 13, 2021.
             Was an Elder of Okawaru.
             Slain by a minotaur
             ... wielding a +3 vampiric battleaxe
              (14 damage)
             ... in a Gauntlet.
             The game lasted 00:12:48 (11734 turns).

Delamore the Basher (Gargoyle Fighter)             Turns: 11734, Time: 00:12:49

Health: 0/69       AC: 23    Str: 29    XL:     11   Next: 60%
Magic:  13/14      EV: 14    Int: 10    God:    Okawaru [****..]
Gold:   699        SH: 13    Dex: 15    Spells: 10/10 levels left

rFire    x . .     SeeInvis .   E - +2 mace (freeze)
rCold    . . .     Faith    .   c - +0 kite shield
rNeg     + . .     Spirit   .   N - +2 steam dragon scales
rPois    ∞         Reflect  .   k - +0 helmet
rElec    +         Harm     .   w - +1 cloak
rCorr    +         Rampage  .   P - +0 pair of gloves {Str+3}
Will     .....     NoTele   +   r - +0 pair of boots "Kubics" {+Fly rF- Regen+ rCorr} (curse)
Stlth    +++.......             (no amulet)
HPRegen  0.61/turn              i - ring of Tiwk {rCorr Str+4}
MPRegen  0.14/turn              I - +6 ring of dexterity

@: heroism
A: negative energy resistance 1, electricity resistance, unbreathing,
petrification resistance, miasma immunity, AC +8
a: Renounce Religion, Evoke Flight, Heroism


You were in a Gauntlet.
You worshipped Okawaru.
Okawaru was greatly pleased with you.
You visited 3 branches of the dungeon, and saw 11 of its levels.
You also visited: Ossuary and Gauntlet.

You collected 1437 gold pieces.
You spent 738 gold pieces at shops.

Inventory:

Hand Weapons
 a - a +0 flail
 u - a +0 mace of venom
 E - a +2 mace of freezing (weapon)
Missiles
 o - 7 silver javelins
 F - 34 poisoned darts (quivered)
 J - 3 javelins
Armour
 c - a +0 kite shield (worn)
 f - a +0 pair of boots
 k - a +0 helmet (worn)
 r - the cursed +0 pair of boots "Kubics" (worn) {+Fly rF- Regen+ rCorr}
   (You found it in a Gauntlet)

   It makes you vulnerable to fire.
   It lets you fly.
   It increases your rate of regeneration.
   It provides partial protection from all sources of acid and corrosion.
   It has a curse placed upon it.
 w - a +1 cloak (worn)
 N - +2 steam dragon scales (worn)
 P - a +0 pair of gloves of strength (worn)
Jewellery
 i - the ring of Tiwk (left hand) {rCorr Str+4}
   (You found it in a Gauntlet)

   [ring of resist corrosion]

   It affects your strength (+4).
   It provides partial protection from all sources of acid and corrosion.
 j - an uncursed ring of see invisible
 C - an uncursed ring of ice
 I - a +6 ring of dexterity (right hand)
Wands
 H - a wand of enslavement (9)
 K - a wand of polymorph (6)
 O - a wand of iceblast (7)
Scrolls
 e - 3 scrolls of enchant armour
 g - a scroll of magic mapping
 h - 3 scrolls of immolation {unknown}
 m - 7 scrolls of remove curse
 s - 2 scrolls of blinking {unknown}
 t - 5 scrolls of amnesia {unknown}
 v - 4 scrolls of teleportation
 A - a scroll of enchant weapon {unknown}
 D - 2 scrolls of noise
Potions
 d - 4 potions of might
 l - 5 potions of degeneration
 n - a potion of attraction
 p - 2 potions of lignification
 q - a potion of cancellation
 x - 3 potions of heal wounds
 z - a potion of mutation
 B - a potion of haste
 L - a potion of resistance
 M - a potion of flight
Miscellaneous
 b - a condenser vane


   Skills:
 + Level 8.5(13.5) Fighting
 - Level 14.0(19.0) Maces & Flails
 - Level 5.0(10.0) Throwing
 - Level 3.2(8.2) Armour
 - Level 5.0(10.0) Shields
 - Level 5.0 Invocations


You had 10 spell levels left.
You didn't know any spells.
Your spell library contained the following spells:

 Spells                   Type           Power        Failure   Level
 Animate Skeleton         Necr           0%           58%         1
 Pain                     Necr           0%           58%         1
 Summon Small Mammal      Summ           0%           58%         1
 Call Imp                 Summ           0%           73%         2
 Poisonous Vapours        Pois/Air       0%           73%         2
 Call Canine Familiar     Summ           0%           91%         3
 Confusing Touch          Hex            0%           91%         3
 Conjure Flame            Conj/Fire      0%           91%         3
 Gell's Gravitas          Tloc           0%           91%         3
 Mephitic Cloud           Conj/Pois/Air  0%           91%         3
 Summon Guardian Golem    Hex/Summ       0%           91%         3
 Vampiric Draining        Necr           0%           91%         3
 Animate Dead             Necr           0%           100%        4
 Petrify                  Tmut/Erth      0%           100%        4
 Summon Ice Beast         Ice/Summ       0%           100%        4
 Summon Lightning Spire   Summ/Air       0%           100%        4
 Agony                    Necr           0%           100%        5
 Metabolic Englaciation   Hex/Ice        0%           100%        5
 Yara's Violent Unravell  Hex/Tmut       0%           100%        5
 Freezing Cloud           Conj/Ice/Air   0%           100%        6


Dungeon Overview and Level Annotations

Branches:
Dungeon (9/15)             Temple (1/1) D:7            Lair (1/6) D:9
Ossuary (visited)         Gauntlet (1/1)
    Orc: D:9-12

Altars:
Ashenzari
Cheibriados
Dithmenos
Fedhas
Gozag
Kikubaaqudgha
Makhleb
Nemelex Xobeh
Okawaru
Qazlal
Ru
Sif Muna
Trog
Vehumet
Wu Jian
Xom
Yredelemnul
Zin
The Shining One

Shops:
D:5 *

Annotations:
Gauntlet 8 transporters, 1 runed translucent door


Innate Abilities, Weirdness & Mutations

You are resistant to torment.
Your stone body is resilient. (AC +8)
You are immune to poison.
You resist negative energy. (rN+)
You are resistant to electric shocks. (rElec)
You can survive without breathing.
You are immune to petrification.
You are immune to miasma.


Message History

You thump the minotaur! You freeze the minotaur.
The minotaur is lightly wounded.
You sock the minotaur! You freeze the minotaur.
The minotaur is moderately wounded.
The minotaur drinks a potion.
The minotaur goes berserk!
You completely miss the minotaur.
The minotaur furiously retaliates!
The minotaur headbutts you, but does no damage.
The minotaur is moderately wounded.
The minotaur hits you but does no damage.
The minotaur gores you!
You hit the minotaur. You freeze the minotaur.
The minotaur is moderately wounded.
The minotaur hits you with a +3 vampiric battleaxe!!
* * * LOW HITPOINT WARNING * * *
You block the minotaur's attack.
You feel much better.
The minotaur hits you with a +3 vampiric battleaxe!
* * * LOW HITPOINT WARNING * * *
The minotaur gores you!
You die...

##### #8∩8# #}.)# #8.8# #}.[####
#8.8#.8### #.H.#....# #
#8@8#..#.# #.#..##'##..#.#
#......(......# #.#.##.#.##.#.#
#.#....#....#.# #.#.#######.#.#
#.............# ##...©.©.©...##
############.........############


You could see a minotaur (berserk).

Vanquished Creatures
  A fire dragon (D:9)
  A two-headed ogre (D:8)
  A soul eater (Gauntlet)
  An unseen horror (D:6)
  Pikel (D:9)
  Maggie (Lair:1)
  A troll (D:9)
  A hornet (D:8)
  12 flying skulls (Gauntlet)
  A wyvern (D:9)
  6 yaks (Lair:1)
  An orc warrior (D:9)
  A phantom (D:9)
  3 sky beasts
  7 ogres
  2 lemures (D:9)
  5 centaurs
  A big kobold (D:7)
  2 bullfrogs
  3 scorpions
  A troll zombie (Ossuary)
  8 killer bees
  10 wights
  2 electric eels (D:6)
  A centaur zombie (Ossuary)
  2 hounds
  A jelly (D:8)
  2 centaur skeletons
  4 orc priests
  A bullfrog skeleton (D:4)
  An orc wizard (D:8)
  Natasha (thrice) (D:4)
  3 iguanas
  7 worker ants
  2 big kobold zombies (Ossuary)
  3 ogre zombies (Ossuary)
  A hound zombie (D:7)
  A hound skeleton (D:5)
  7 mummies (Ossuary)
  Robin (D:4)
  8 adders
  4 gnolls (D:3)
  4 shadow imps (Gauntlet)
  A white imp (Gauntlet)
  2 ufetubi
  2 oozes (D:4)
  3 adder skeletons
  4 adder zombies
  3 worms
  A dart slug (D:1)
  2 leopard geckos
  19 orcs
  7 giant cockroaches
  A gnoll zombie (Ossuary)
  6 hobgoblins
  3 jackals (D:9)
  14 kobolds
  4 quokkas
  2 ball pythons
  7 bats
  5 frilled lizards
  13 goblins
  4 goblin zombies (Ossuary)
  5 hobgoblin zombies (Ossuary)
  A jackal skeleton (D:4)
  3 kobold zombies (Ossuary)
  5 quokka zombies (Ossuary)
  12 rats
  3 rat zombies (Ossuary)
261 creatures vanquished.

Vanquished Creatures (others)
  4 fungi
  15 plants
19 creatures vanquished.

Grand Total: 280 creatures vanquished

Notes
Turn   | Place    | Note
-------+----------+-------------------------------------------
     0 | D:1      | Delamore the Gargoyle Fighter began the quest for the Orb.
     0 | D:1      | Reached XP level 1. HP: 14/14 MP: 1/1
   175 | D:1      | Reached XP level 2. HP: 15/19 MP: 2/2
   399 | D:1      | Reached XP level 3. HP: 22/24 MP: 3/3
   974 | D:2      | Reached XP level 4. HP: 24/29 MP: 4/4
  1077 | D:2      | Found a broken altar of Ashenzari.
  1090 | D:2      | Reached skill level 3 in Maces & Flails
  1457 | D:2      | Found a shimmering altar of Xom.
  1463 | D:2      | Found an ancient bone altar of Kikubaaqudgha.
  1465 | D:2      | Found an opulent altar of Gozag.
  1872 | D:3      | Reached XP level 5. HP: 32/34 MP: 5/5
  2324 | D:4      | Noticed Natasha
  2330 | D:4      | Killed Natasha
  2331 | D:4      | Reached XP level 6. HP: 40/40 MP: 6/6
  2393 | D:4      | Reached skill level 5 in Fighting
  2393 | D:4      | Reached skill level 4 in Maces & Flails
  2393 | D:4      | Reached skill level 5 in Shields
  2468 | D:4      | Reached skill level 5 in Maces & Flails
  2689 | D:4      | Reached XP level 7. HP: 44/44 MP: 7/7
  2697 | D:4      | Reached skill level 6 in Maces & Flails
  2914 | D:4      | Noticed Robin
  2931 | D:4      | Killed Robin
  3156 | D:4      | Found a blossoming altar of Fedhas.
  3157 | D:4      | Noticed Natasha
  3166 | D:4      | Killed Natasha
  3385 | D:4      | Noticed Natasha
  3408 | D:4      | Killed Natasha
  3409 | D:4      | Reached skill level 7 in Maces & Flails
  3605 | D:5      | Entered Level 5 of the Dungeon
  4129 | D:5      | Reached XP level 8. HP: 49/49 MP: 8/8
  4153 | D:5      | Reached skill level 8 in Maces & Flails
  4222 | D:5      | Found Bomnomeh's General Store.
  4738 | D:6      | Noticed an unseen horror
  4760 | D:6      | Killed an unseen horror
  4761 | D:6      | Reached skill level 10 in Maces & Flails
  4843 | D:6      | Reached XP level 9. HP: 53/54 MP: 9/9
  5152 | D:6      | Reached skill level 11 in Maces & Flails
  5625 | D:6      | Found a shimmering blue altar of Sif Muna.
  5670 | D:6      | Got a spiked cloak
  5681 | D:6      | Identified the cursed +0 cloak of Qiucamut {*Drain rElec
                  | Int+4} (You found it on level 6 of the Dungeon)
  6363 | D:7      | Found a staircase to the Ecumenical Temple.
  6369 | Temple   | Entered the Ecumenical Temple
  6396 | Temple   | Became a worshipper of Warmaster Okawaru
  6999 | D:8      | Reached skill level 12 in Maces & Flails
  7228 | D:8      | Found a sand-covered staircase.
  7233 | Ossuary  | Entered an ossuary
  7573 | Ossuary  | Reached XP level 10. HP: 41/59 MP: 10/10
  8282 | D:8      | Reached * piety under Okawaru
  8283 | D:8      | Reached skill level 13 in Maces & Flails
  8541 | D:8      | Noticed a two-headed ogre
  8554 | D:8      | Killed a two-headed ogre
  8857 | D:9      | Reached ** piety under Okawaru
  8900 | D:9      | Found a bloodstained altar of Trog.
  9001 | D:9      | Reached skill level 14 in Maces & Flails
  9055 | D:9      | Noticed Pikel
  9075 | D:9      | Killed Pikel
  9076 | D:9      | Reached skill level 1 in Throwing
  9215 | D:9      | Found a shadowy altar of Dithmenos.
  9502 | D:9      | Found a sparkling altar of Nemelex Xobeh.
  9546 | D:9      | Found a staircase to the Lair.
  9546 | D:9      | Noticed a fire dragon
  9565 | D:9      | Killed a fire dragon
  9565 | D:9      | Reached *** piety under Okawaru
  9566 | D:9      | Reached XP level 11. HP: 27/63 MP: 11/14
 10152 | D:5      | Bought a scroll of acquirement for 624 gold pieces
 10152 | D:5      | Acquired a +0 pair of gloves of strength
 10154 | D:5      | Acquired 699 gold pieces
 10156 | D:5      | Bought a scroll of magic mapping for 42 gold pieces
 10156 | D:5      | Bought a potion of flight for 36 gold pieces
 10156 | D:5      | Bought a scroll of teleportation for 36 gold pieces
 10243 | Lair:1   | Entered Level 1 of the Lair of Beasts
 10264 | Lair:1   | Noticed Maggie
 10283 | Lair:1   | Killed Maggie
 10284 | Lair:1   | Reached skill level 5 in Invocations
 10386 | Lair:1   | Reached skill level 5 in Throwing
 10523 | Lair:1   | Found a gate leading to a gauntlet.
 10617 | Gauntlet | Entered a Gauntlet
 10617 | Gauntlet | Found a transporter.
 10617 | Gauntlet | Found a transporter.
 10617 | Gauntlet | Noticed a soul eater
 10641 | Gauntlet | Found a transporter.
 10643 | Gauntlet | Found a transporter.
 10644 | Gauntlet | Found a transporter.
 10646 | Gauntlet | Found a transporter.
 10648 | Gauntlet | Noticed a blizzard demon
 10675 | Gauntlet | Found a transporter.
 10720 | Gauntlet | Found a transporter.
 10723 | Gauntlet | Found a transporter.
 10723 | Gauntlet | Found a transporter.
 10725 | Gauntlet | Noticed a wretched star
 10738 | Gauntlet | Found a transporter.
 10751 | Gauntlet | Found a transporter.
 10763 | Gauntlet | Found a runed translucent door.
 10764 | Gauntlet | Found a transporter.
 10765 | Gauntlet | Found a runed translucent door.
 10768 | Gauntlet | Found a transporter.
 10934 | Gauntlet | Killed a soul eater
 11171 | Gauntlet | Got a translucent silver ring
 11304 | Gauntlet | Identified the ring of Tiwk {rCorr Str+4} (You found it in
                  | a Gauntlet)
 11377 | Gauntlet | Reached **** piety under Okawaru
 11382 | Gauntlet | Received a gift from Okawaru
 11563 | Gauntlet | Got a pair of jewelled boots
 11714 | Gauntlet | Identified the cursed +0 pair of boots "Kubics" {+Fly rF-
                  | Regen+ rCorr} (You found it in a Gauntlet)
 11725 | Gauntlet | Identified the cursed +1 chain mail of the Storm King {rN++
                  | Int+5 Dex-4}
 11725 | Gauntlet | Noticed a minotaur
 11734 | Gauntlet | Slain by a minotaur

Illustrated notes

Levels and vault maps discovered:
D:1:      amcnicky_arrival_wind_blow, layout_basic, minmay_pentomino_r2
D:2:      layout_basic, old_standard_altar, minitemple
D:3:      layout_loops_ring
D:4:      minmay_clustersquares, layout_basic, fedhas_bush_and_centaur_altar,
          uniq_natasha, uniq_robin
D:5:      layout_loops_corners, serial_shops, shop
D:6:      cheibrodos_barr_body, layout_basic, chequers_big_river, led_sif_pool
D:7:      layout_layer_cave, minmay_temple_entry_hall
D:8:      layout_cave_pools, enter_ossuary_5
D:9:      layout_loops_ring, nemelex_xobeh_ov_fountains_minmay,
          grunt_dithmenos_smoke_and_mirrors, lemuel_doored_altar,
          minmay_lair_entry_lava, uniq_pikel
Temple:   regret_index_temple_waves
Lair:1:   layout_cave_pods, gauntlet_entry_generic, lemuel_fruit_fields,
          uniq_maggie
Gauntlet: gammafunk_gauntlet_mixed_choke_point [minmay_gauntlet_arena_77_mirror,
          minmay_gauntlet_arena_77_tiled_triplets,
          minmay_gauntlet_arena_77_terracotta_army,
          gammafunk_gauntlet_arena_hedges, minmay_gauntlet_arena_77_p_blocks,
          minmay_gauntlet_arena_77_radiant_squares,
          minmay_gauntlet_arena_77_cramped,
          nicolae_gauntlet_exit_dead_adventurers]

Skill      XL: |  1  2  3  4  5  6  7  8  9 10 11 |
---------------+----------------------------------+-----
Fighting       | 4 5 8 |  8.5
Shields        | 4 5 |  5.0
Maces & Flails | 3 5 7 10 12 14 | 14.0
Throwing       | 3 5 |  5.0
Invocations    | 4 5 |  5.0
Armour         | |  3.2

Action                   |  1- 3 |  4- 6 |  7- 9 | 10-12 || total
-------------------------+-------+-------+-------+-------++-------
Melee: Flail             |   126 |    80 |       |       ||   206
       Mace              |       |    79 |   428 |   509 ||  1016
Throw: Dart              |       |       |       |     2 ||     2
Invok: Heroism           |       |       |       |     5 ||     5
  Use: Scroll            |       |       |    10 |     8 ||    18
       Potion            |       |       |       |     8 ||     8
Armor: Scale mail        |   104 |   107 |   224 |   114 ||   549
       Steam dragon scal |       |       |       |    67 ||    67
Dodge: Dodged            |    43 |    45 |   107 |   135 ||   330
Block: Kite shield       |    55 |   107 |   187 |   193 ||   542
